 Dungeon Sprint DCSS version 0.27-a0-562-g0d39f094a4 (webtiles) character file.

Game seed: 13550369762477665330

1030 sahdkjhfkaj the Warrior (level 8, -2/183 HPs)
             Began as an Ogre Berserker on Mar 9, 2021.
             Was a High Priest of Trog.
             Slain by a sun demon (13 damage)
             ... in the Dungeon (Sprint VII: "The Pits").
             The game lasted 00:01:58 (1450 turns).

sahdkjhfkaj the Warrior (Ogre Berserker)            Turns: 1450, Time: 00:01:58

Health: -2/183     AC:  4    Str: 24    XL:     8   Next: 23%
Magic:  8/8        EV: 10    Int:  8    God:    Trog [*****.]
Gold:   0          SH:  0    Dex:  8    Spells: 7/7 levels left

rFire    . . .     SeeInvis .   a - +1 broad axe (freeze)
rCold    . . .     Faith    .   (no shield)
rNeg     . . .     Spirit   .   k - +0 animal skin
rPois    .         Reflect  .   (helmet restricted)
rElec    .         Harm     .   b - +0 cloak
rCorr    .         Rampage  .   (gloves unavailable)
Will     .....     NoTele   +   (boots unavailable)
Stlth    ..........             (no amulet)
HPRegen  0.40/turn              (no ring)
MPRegen  0.11/turn              (no ring)

@: berserking, very quick
A: large, unfitting armour, tough skin 1
a: Renounce Religion, Berserk, Trog's Hand, Brothers in Arms


You were in the Dungeon.
You worshipped Trog.
Trog was extremely pleased with you.
You visited 1 branch

Inventory:

Hand Weapons
 a - a +1 broad axe of freezing (weapon)
Armour
 b - a +0 cloak (worn)
 k - a +0 animal skin (worn)
Jewellery
 l - a +3 ring of strength
 m - a +3 ring of intelligence
Scrolls
 h - a scroll of blinking
 j - a scroll of summoning
Potions
 c - 9 potions of curing
 d - 8 potions of heal wounds
 e - a potion of haste
 f - 4 potions of magic
 g - 4 potions of berserk rage
 i - 2 potions of invisibility
 n - a potion of resistance
 o - 2 potions of mutation
 p - a potion of might


   Skills:
 + Level 20.6 Fighting
 - Level 2.6 Maces & Flails
 - Level 2.6 Dodging


You had 7 spell levels left.
You didn't know any spells.
Your spell library was empty.

Dungeon Overview and Level Annotations

Branches:
Dungeon (1/1)

Altars:
Ashenzari
Cheibriados
Dithmenos
Elyvilon
Fedhas
Gozag
Hepliaklqana
Kikubaaqudgha
Makhleb
Nemelex Xobeh
Okawaru
Qazlal
Ru
Sif Muna
Trog
Uskayaw
Vehumet
Wu Jian
Xom
Yredelemnul
Zin
The Shining One
Beogh
Jiyva
Lugonu


Innate Abilities, Weirdness & Mutations

You are too large for most types of armour.
You have tough skin. (AC +1)


Message History

You open the huge gate.
A hobgoblin comes into view. It is wielding a +0 club.
The hobgoblin shouts!
A sun demon comes into view.
There is a huge open gate to the Metal Vault (Medium) here.
The sun demon shouts!
A black bear comes into view.
There is a huge open gate to the Metal Vault (Medium) here.
The black bear growls angrily.
The hobgoblin hits you but does no damage.
A red film seems to cover your vision as you go berserk!
You feel yourself moving faster!
You feel mighty! The sun demon hits you!!
You are engulfed in flames!!
The hobgoblin barely misses you.
You closely miss the sun demon. You slash the hobgoblin!
You freeze the hobgoblin.
You kill the hobgoblin!
Trog accepts your kill. The sun demon hits you!!
You are engulfed in flames!
The sun demon hits you but does no damage.
Unknown command.
You slash the sun demon! You freeze the sun demon.
The sun demon is lightly wounded.
You barely miss the black bear. The sun demon hits you!
You are engulfed in flames!!
You hit the sun demon. You freeze the sun demon.
The sun demon is moderately wounded.
You slash the black bear! You freeze the black bear. The black bear bites you.
The black bear claws you but does no damage.
The black bear claws you. The sun demon hits you!!
* * * LOW HITPOINT WARNING * * *
You are engulfed in flames!
* * * LOW HITPOINT WARNING * * *
You slash the sun demon! You freeze the sun demon!
The sun demon is severely wounded.
You completely miss the black bear. The black bear bites you.
* * * LOW HITPOINT WARNING * * *
The black bear barely misses you. x2; The sun demon hits you!
* * * LOW HITPOINT WARNING * * *
You are engulfed in flames!
You die...

)))'.##......#..#......#
####.##................+
......'................+
#'#####......#..#......#
#.#..##................#
#.#))#####'#####''######
'.#).##.......##''#
###))##.......##..#
..#[[##.......##@.#
..#'###...<...##h3#
.....##.......##..#
.....##.......##..#
#######.......##...
..#..###########....
..#.############...#
..#†#....#...[##..##
.##)#....#..[[#


You could see a sun demon and a black bear.

Vanquished Creatures
  A fire bat (D)
  A water moccasin (D)
  2 floating eyes (D)
  A bullfrog (D)
  A kobold brigand (D)
  A crimson imp (D)
  Terence (D)
  An orc wizard (D)
  A worker ant (D)
  An adder (D)
  A white imp (D)
  An ufetubus (D)
  An ooze (D)
  An adder zombie (D)
  2 orcs (D)
  A giant cockroach (D)
  2 hobgoblins (D)
  A bat (D)
  2 frilled lizards (D)
  A kobold (D)
24 creatures vanquished.

Vanquished Creatures (collateral kills)
  A black mamba (D)
  5 killer bees (D)
  A gnoll shaman (D)
  4 gnolls (D)
11 creatures vanquished.

Grand Total: 35 creatures vanquished

Notes
Turn   | Place    | Note
-------+----------+-------------------------------------------
     0 | D        | sahdkjhfkaj the Ogre Berserker began the quest for the Orb.
     0 | D        | Reached XP level 1. HP: 24/24 MP: 1/1
    73 | D        | Found a bloodstained altar of Trog.
    73 | D        | Found a shimmering blue altar of Sif Muna.
    73 | D        | Found a viscous altar of Jiyva.
    73 | D        | Found a hazy altar of Hepliaklqana.
    73 | D        | Found an opulent altar of Gozag.
    74 | D        | Found a glowing golden altar of the Shining One.
    74 | D        | Found a glowing silver altar of Zin.
    74 | D        | Found a basalt altar of Yredelemnul.
    74 | D        | Found a shimmering altar of Xom.
    74 | D        | Found an ornate altar of the Wu Jian Council.
    74 | D        | Found a sacrificial altar of Ru.
    74 | D        | Found a stormy altar of Qazlal.
    74 | D        | Found an iron altar of Okawaru.
    74 | D        | Found a sparkling altar of Nemelex Xobeh.
    74 | D        | Found a burning altar of Makhleb.
    74 | D        | Found a blossoming altar of Fedhas.
    74 | D        | Found a white marble altar of Elyvilon.
    74 | D        | Found a shadowy altar of Dithmenos.
    74 | D        | Found a snail-covered altar of Cheibriados.
    75 | D        | Found a radiant altar of Vehumet.
    75 | D        | Found a corrupted altar of Lugonu.
    76 | D        | Found a hide-covered altar of Uskayaw.
    76 | D        | Found an ancient bone altar of Kikubaaqudgha.
    76 | D        | Found a broken altar of Ashenzari.
   116 | D        | Reached skill level 5 in Fighting
   118 | D        | Reached ** piety under Trog
   119 | D        | Reached skill level 7 in Fighting
   119 | D        | Reached XP level 2. HP: 40/40 MP: 2/2
   163 | D        | Reached skill level 9 in Fighting
   163 | D        | Reached XP level 3. HP: 25/52 MP: 3/3
   323 | D        | Noticed a floating eye
   326 | D        | Paralysed by a floating eye for 3 turns
   330 | D        | Killed a floating eye
   330 | D        | Reached *** piety under Trog
   331 | D        | Reached skill level 13 in Fighting
   331 | D        | Reached XP level 4. HP: 68/68 MP: 4/4
   331 | D        | Reached XP level 5. HP: 76/76 MP: 5/5
   489 | D        | Noticed a fire bat
   490 | D        | Noticed Terence
   501 | D        | Killed a fire bat
   502 | D        | Reached skill level 15 in Fighting
   502 | D        | Reached XP level 6. HP: 56/92 MP: 6/6
   505 | D        | Noticed a floating eye
   507 | D        | Killed Terence
   507 | D        | Reached **** piety under Trog
   508 | D        | Reached skill level 16 in Fighting
   510 | D        | Killed a floating eye
   511 | D        | Reached skill level 17 in Fighting
   528 | D        | Reached XP level 7. HP: 12/104 MP: 7/7
   546 | D        | Reached ***** piety under Trog
   851 | D        | Reached skill level 18 in Fighting
  1206 | D        | Reached skill level 19 in Fighting
  1209 | D        | Received a gift from Trog
  1298 | D        | Noticed a black mamba
  1309 | D        | Killed a black mamba
  1310 | D        | Reached skill level 20 in Fighting
  1310 | D        | Reached XP level 8. HP: 119/120 MP: 8/8
  1359 | D        | Got the +2 rapier "Fepluf" {elec, rN+}
  1442 | D        | Noticed a sun demon
  1450 | D        | Slain by a sun demon

Illustrated notes

Levels and vault maps discovered:
D:        pitsprint [storerooms_1, entrance_room_1, metal_vault_3, armoury_1,
          mini_pit_1, grid_room_1, main_hall_1, silver_pit, the_coven_1,
          the_vestibule_1, steel_vault_2, golden_pit, hallway_of_sentries,
          crystal_vault_4, iron_vault_4, final_vault]

Skill      XL: |  1  2  3  4  5  6  7 |
---------------+----------------------+-----
Fighting       | 7 9 13 15 17 20 | 20.6
Maces & Flails | |  2.6
Dodging        | |  2.6

Action                   |  1- 3 |  4- 6 |  7- 9 || total
-------------------------+-------+-------+-------++-------
Melee: Mace              |    21 |    21 |    26 ||    68
       Quarterstaff      |       |       |    12 ||    12
       Broad axe         |       |       |     4 ||     4
Invok: Berserk           |     3 |     1 |     5 ||     9
       Brothers in Arms  |       |       |     2 ||     2
  Use: Potion            |       |       |     3 ||     3
Armor: Animal skin       |     9 |     8 |     7 ||    24
Dodge: Dodged            |    12 |     5 |    20 ||    37

Table legend: (Time is in decaauts)
 A = Elapsed time spent in this place.
 B = Non-inter-level travel time spent in this place.
 C = Inter-level travel time spent in this place.
 D = Time resting spent in this place.
 E = Time spent auto-exploring this place.
 F = Levels seen in this place.
 G = Mean time per level.
                   A        B        C        D        E       F      G
               +--------+--------+--------+--------+--------+-----+--------+
         Total |   1540 |   1366 |    174 |    857 |    140 |   1 | 1540.0 |
       Dungeon |   1540 |   1366 |    174 |    857 |    140 |   1 | 1540.0 |
               +--------+--------+--------+--------+--------+-----+--------+

Top non-repeatable levels by time:
       D: 1540 daAuts
